AoeStats
← 吾问无为谓

QS Arena

503335869Analyzed
4v4 RM · 1mo ago on Aug 31, 2026· 33m 45s· 8 players
Game mode
Random Map
Map size
Large (8 player)
Population
200
Speed
Normal
Resources
Standard
Victory
Conquest
Starting age
Dark Age
Ending age
Imperial Age
RankedLock teamsTeams togetherTeam positionsShared explorationLock speedFull tech treeHidden civsTurbo modeCheats
Victory
Defeat
🇨🇳 Goths · China
1500
+14
🇳🇿 Lithuanians · New Zealand
1496
+14
1485
+14
🇲🇽 Slavs · Mexico
1423
+17
🇹🇼 Wei · Taiwan
1481
-16
🇨🇳 Britons · China
1461
-15
🇭🇰 Persians · Hong Kong SAR China
1447
-15
🇨🇳 Khmer · China
1414
-13
NorthOrigin
儒门_重农抑商
phlui1122
BaiKai AOE
3:38 Loom
4:08 Loom
6:18 Feudal Age
6:47 Double-Bit Axe
6:44 Horse Collar
6:56 Gold Mining
7:06 Stone Mining
10:50 Wheelbarrow
15:00 Castle Age
14:13 Fletching
16:22 Bow Saw
16:52 Heavy Plow
19:35 Gold Shaft Mining
24:09 Hand Cart
26:54 Imperial Age
24:21 Town Watch
25:33 Ballistics
26:09 Thumb Ring
26:22 Bloodlines
26:12 Husbandry
26:25 Bodkin Arrow
26:31 Padded Archer Armor
26:36 Scale Barding Armor
26:17 Light Cavalry
27:51 Bracer
28:48 Leather Archer Armor
28:39 Scale Barding Armor
29:30 Forging
28:42 Heavy Hei Guang Cavalry
30:00 Parthian Tactics
31:19 Chemistry
30:59 Chain Barding Armor
31:59 Ring Archer Armor
32:06 Iron Casting
31:52 Conscription
YuF
9:13 Feudal Age
12:37 Castle Age
10:40 Double-Bit Axe
10:54 Horse Collar
12:24 Wheelbarrow
13:40 Bow Saw
13:32 Heavy Plow
20:02 Gold Mining
20:38 Stone Mining
21:10 Fletching
21:39 Hand Cart
21:11 Town Watch
21:54 Loom
23:51 Bodkin Arrow
24:39 Gold Shaft Mining
27:11 Imperial Age
25:06 Forging
25:13 Detinets
25:49 Scale Barding Armor
26:50 Iron Casting
26:35 Husbandry
26:46 Bloodlines
27:34 Chain Barding Armor
27:21 Elite Boyar
28:52 Plate Barding Armor
28:56 Conscription
29:42 Blast Furnace
30:06 Two-Man Saw
30:33 Chemistry
29:54 Ballistics
31:29 Masonry
33:54 Scale Mail Armor
33:57 Squires
吾问无为谓
mmmbokchoi
中方县最后一个老实人
Connection lost

Rejoining the realm…

Still unreachable

The connection could not be restored.

Session expired

The server has moved on; the page needs a fresh start.